 Dungeon Crawl Stone Soup version 0.18-a0-19-g8b99b3a (webtiles) character file.

10070 Raultor the Cruncher (level 11, -4/69 HPs)
             Began as a Gargoyle Gladiator on Nov 1, 2015.
             Was an Elder of Okawaru.
             Slain by a blink frog (8 damage)
             ... on level 1 of the Lair of Beasts.
             The game lasted 00:29:33 (8075 turns).

Raultor the Cruncher (Gargoyle Gladiator)           Turns: 8075, Time: 00:29:33

Health: -4/69      AC: 24    Str: 20    XL:     11   Next: 56%
Magic:  10/12      EV: 16    Int: 12    God:    Okawaru [****..]
Gold:   356        SH:  0    Dex: 12    Spells: 0 memorised, 10 levels left

rFire  . . .     SeeInvis .     s - +3 quarterstaff (chaos)
rCold  . . .     Clarity  .     z - +0 scale mail (curse)
rNeg   + . .     SustAt   .     (shield currently unavailable)
rPois  ∞         Gourm    .     N - +2 helmet {Int+3}
rElec  +         Spirit   .     y - +2 cloak
rCorr  .         Warding  .     v - +0 pair of gloves
rMut   .         Stasis   .     (no boots)
MR     .....                    (no amulet)
Stlth  ++........               (no ring)
                                l - ring of flight

@: heroism, not resistant to hostile enchantments, unstealthy
A: negative energy resistance 1, electricity resistance, unbreathing,
petrification resistance, rot immunity, AC +7
a: Heroism, Renounce Religion, Evoke Flight


You were on level 1 of the Lair of Beasts.
You worshipped Okawaru.
Okawaru was greatly pleased with you.
You were not hungry.

You visited 3 branches of the dungeon, and saw 11 of its levels.

You collected 416 gold pieces.
You spent 60 gold pieces at shops.

Inventory:

Hand Weapons
 s - a +3 quarterstaff of chaos (weapon)
Missiles
 d - 2 throwing nets (quivered)
 r - 20 tomahawks
 P - 7 javelins
Armour
 b - a +0 leather armour
 c - a +0 helmet
 v - a +0 pair of gloves (worn)
 y - a +2 cloak (worn)
 z - a cursed +0 scale mail (worn)
 L - a storm dragon hide
 N - a +2 helmet of intelligence (worn)
Jewellery
 l - a ring of flight (left hand)
 w - an uncursed ring of teleportation
Wands
 O - a wand of fireball (4)
 Q - a wand of slowing (22)
Scrolls
 k - 5 scrolls of identify {unknown}
 o - 3 scrolls of remove curse
 x - 4 scrolls of noise {unknown}
 A - a scroll of vulnerability {unknown}
 D - 2 scrolls of amnesia {unknown}
 E - a scroll of immolation {unknown}
 H - 2 scrolls of magic mapping {unknown}
 M - 3 scrolls of teleportation
Potions
 f - 2 potions of heal wounds {unknown}
 g - a potion of agility {unknown}
 i - 2 potions of brilliance {unknown}
 j - 3 potions of flight {unknown}
 n - a potion of haste
 p - 2 potions of lignification {unknown}
 q - 4 potions of degeneration {unknown}
 t - 2 potions of cancellation {unknown}
 B - a potion of invisibility {unknown}
 C - 3 potions of might {unknown}
 F - 2 potions of curing
 G - 2 potions of poison {unknown}
 K - 2 potions of cure mutation {unknown}
Comestibles
 a - a chunk of flesh
 e - 8 bread rations
 h - 7 beef jerkies
 m - 2 meat rations
 u - 3 fruits
 I - a royal jelly
 J - 7 slices of pizza


   Skills:
 + Level 8.6(13.6) Fighting
 + Level 12.7(17.7) Staves
 - Level 1.7(6.7) Throwing
 + Level 5.0(10.0) Armour
 + Level 7.6(12.6) Dodging
 * Level 2.4 Invocations


You had 10 spell levels left.
You didn't know any spells.

Dungeon Overview and Level Annotations

Branches:
Dungeon (9/15)             Temple (1/1) D:5            Lair (1/8) D:9
    Orc (0/4) D:9

Altars:
Ashenzari
Cheibriados
Dithmenos
Elyvilon
Fedhas
Gozag
Makhleb
Nemelex Xobeh
Okawaru
Ru
Sif Muna
Trog
Vehumet
Xom
Yredelemnul
Zin
The Shining One

Shops:
D:6 ?**%   D:9 *}


Innate Abilities, Weirdness & Mutations

You are resistant to torment.
Your stone body is resilient (AC +7).
You are immune to poison.
You resist negative energy.
You are resistant to electric shocks.
You can survive without breathing.
You are immune to petrification.
You are immune to rotting.


Message History

You are momentarily dazzled by a flash of light!
The black mamba is severely wounded.
The black mamba barely misses you. The blink frog closely misses you.
The blink frog closely misses you.
You closely miss the black mamba.
The black mamba is severely wounded.
The black mamba barely misses you. The blink frog hits you!
* * * LOW HITPOINT WARNING * * *
The blink frog blinks!
You hit the black mamba but do no damage.
The black mamba is severely wounded.
The black mamba misses you.
The blink frog blinks!
You completely miss the black mamba.
The black mamba is severely wounded.
The black mamba completely misses you. The blink frog barely misses you.
You barely miss the black mamba.
The black mamba is severely wounded.
The walls and floor vibrate strangely for a moment.
The black mamba misses you. The blink frog hits you!
You die...

...#...# .......# .......
...(...# #########......#
...... ###.PP#.#.#......#
._.... ................#
...... ................#
....## #P.............
..### #..FF......... ..#
#...@S........ ###
#...##.#...... #
#...###....... # #...#
#...... ## ### #.).##
...... .########P###....#
..... ................##
.....
.................##......
.......................


You could see a black mamba and 2 blink frogs.

Vanquished Creatures
  A centaur warrior (D:8)
  Nergalle (Lair:1)
  A hill giant (D:8)
  Pikel (D:4)
  A two-headed ogre (D:8)
  A boulder beetle (D:8)
  2 blink frogs (Lair:1)
  8 yaks
  A hog (D:7)
  A human (D:7)
  A vampire mosquito (D:8)
  A hungry ghost (D:7)
  4 wolves (Lair:1)
  2 hippogriffs
  A porcupine (Lair:1)
  A sky beast (D:8)
  Duvessa (D:4)
  An orc warrior (D:8)
  A water moccasin (Lair:1)
  An eye of draining (D:9)
  3 phantoms (D:9)
  A black bear (D:6)
  2 ice beasts
  A necrophage (D:7)
  5 ogres
  3 centaurs
  2 gnoll sergeants (D:9)
  4 giant frogs
  Dowan (D:4)
  3 troll zombies (D:9)
  2 scorpions
  9 killer bees
  3 water moccasin skeletons
  A quasit (D:8)
  A crimson imp (D:6)
  5 jellies
  Crazy Yiuf (D:2)
  5 iguanas
  An orc priest (D:9)
  8 orc wizards
  2 centaur skeletons
  6 hounds
  Natasha (twice) (D:4)
  6 worker ants
  A sheep (D:7)
  5 ogre zombies (D:9)
  2 hound skeletons
  3 worker ant zombies (D:8)
  8 gnolls (D:9)
  12 adders
  2 shadow imps
  An ooze (D:4)
  An adder zombie (D:6)
  2 adder skeletons
  2 worms (D:2)
  2 giant geckos
  25 orcs
  7 goblins
  6 hobgoblins
  5 kobolds
  4 quokkas
  A ball python (D:4)
  7 bats
  4 giant cockroaches
  3 giant newts
  A goblin skeleton (D:9)
  2 goblin zombies (D:9)
  A hobgoblin skeleton (D:9)
  4 hobgoblin zombies (D:9)
  A jackal skeleton (D:4)
  2 orc skeletons (D:9)
  15 orc zombies (D:9)
  A quokka zombie (D:9)
  10 rats
249 creatures vanquished.

Vanquished Creatures (others)
  An ogre (D:8)
  An orc wizard (D:7)
2 creatures vanquished.

Grand Total: 251 creatures vanquished

Notes
Turn   | Place    | Note
--------------------------------------------------------------
     0 | D:1      | Raultor the Gargoyle Gladiator began the quest for the Orb.
     0 | D:1      | Reached XP level 1. HP: 12/12 MP: 1/1
   257 | D:1      | Reached XP level 2. HP: 14/17 MP: 2/2
   622 | D:2      | Reached skill level 4 in Staves
   667 | D:2      | Reached XP level 3. HP: 21/21 MP: 3/3
   973 | D:2      | HP: 1/21 [worm (7)]
  1510 | D:2      | Noticed Crazy Yiuf
  1517 | D:2      | Killed Crazy Yiuf
  1517 | D:2      | Reached skill level 5 in Staves
  1517 | D:2      | Reached XP level 4. HP: 26/26 MP: 4/4
  1781 | D:3      | Reached XP level 5. HP: 30/30 MP: 5/5
  2137 | D:4      | Reached skill level 6 in Staves
  2156 | D:4      | Noticed Duvessa
  2157 | D:4      | Noticed Dowan
  2166 | D:4      | Killed Duvessa
  2166 | D:4      | Reached XP level 6. HP: 31/35 MP: 6/6
  2170 | D:4      | Killed Dowan
  2170 | D:4      | Reached skill level 7 in Staves
  2384 | D:4      | Noticed Natasha
  2388 | D:4      | Killed Natasha
  2398 | D:4      | Reached XP level 7. HP: 34/40 MP: 7/7
  2480 | D:4      | Noticed Pikel
  2490 | D:4      | Killed Pikel
  2490 | D:4      | Reached skill level 8 in Staves
  2490 | D:4      | Reached skill level 1 in Armour
  2490 | D:4      | Reached XP level 8. HP: 45/45 MP: 8/8
  2529 | D:4      | Noticed Natasha
  2533 | D:4      | Killed Natasha
  2934 | D:5      | Entered Level 5 of the Dungeon
  2934 | D:5      | Found a shattered altar of Ashenzari.
  2989 | D:5      | Got an ichor-stained battleaxe
  3060 | D:5      | Found a staircase to the Ecumenical Temple.
  3092 | Temple   | Entered the Ecumenical Temple
  3178 | Temple   | Became a worshipper of Warmaster Okawaru
  3320 | D:5      | Reached skill level 9 in Staves
  3588 | D:6      | Found Ahourghish's Food Emporium.
  3652 | D:6      | Found Xogiczon's General Store.
  3661 | D:6      | Bought a scroll of teleportation for 30 gold pieces
  3661 | D:6      | Bought a scroll of remove curse for 30 gold pieces
  3708 | D:6      | Found Xijelug's Magic Scroll Shop.
  3846 | D:6      | Found Imimenuw's Assorted Antiques.
  4186 | D:7      | Reached XP level 9. HP: 52/52 MP: 9/9
  4233 | D:7      | Reached * piety under Okawaru
  4513 | D:7      | Reached skill level 5 in Fighting
  4513 | D:7      | Reached skill level 10 in Staves
  4521 | D:7      | Reached skill level 5 in Dodging
  4529 | D:7      | Reached ** piety under Okawaru
  4662 | D:7      | Found a flagged portal.
  5296 | D:8      | Reached *** piety under Okawaru
  5310 | D:8      | Reached XP level 10. HP: 42/61 MP: 10/10
  5741 | D:8      | Reached skill level 11 in Staves
  5865 | D:8      | Noticed a centaur warrior
  5876 | D:8      | Killed a centaur warrior
  5876 | D:8      | Reached **** piety under Okawaru
  6178 | D:8      | Noticed a hill giant
  6185 | D:8      | Killed a hill giant
  6185 | D:8      | Received a gift from Okawaru
  6423 | D:8      | Found a shattered altar of Ashenzari.
  6513 | D:9      | Found Qaf Bei's Assorted Antiques.
  6558 | D:9      | Found Duffop's Quality Used Wands.
  6716 | D:9      | Reached skill level 12 in Staves
  6743 | D:9      | Reached XP level 11. HP: 63/68 MP: 11/11
  6746 | D:9      | Reached ***** piety under Okawaru
  6766 | D:9      | Found a staircase to the Orcish Mines.
  6932 | D:9      | Found a shattered altar of Ashenzari.
  7099 | D:9      | Found a staircase to the Lair.
  7414 | Lair:1   | Entered Level 1 of the Lair of Beasts
  7497 | Lair:1   | Found a shadowy altar of Dithmenos.
  7613 | Lair:1   | Reached skill level 1 in Invocations
  7850 | Lair:1   | Noticed Nergalle
  7949 | Lair:1   | Killed Nergalle
  7949 | Lair:1   | Reached skill level 5 in Armour
  8072 | Lair:1   | HP: 3/69 [blink frog (7)]
  8075 | Lair:1   | Slain by a blink frog

Vault maps used:
D:1:      minmay_arrival_three_doors, patterned_corridor
D:2:      first_bread, uniq_crazy_yiuf_cottage
D:4:      uniq_pikel, uniq_natasha, uniq_duvessa
D:5:      minmay_temple_entry_enclosed_plants, basic_altar
D:6:      serial_shops, shop, nicolae_shop_competitors_out_of_business, shop,
          nicolae_shop_window_shopping
D:7:      enter_bailey_8, grunt_livestock
D:8:      basic_altar, corexii_leaking_fountain, minmay_evil_grid
D:9:      evilmike_ruin_ashenzari, lair_0_dummy, zombieorc2_lemuel,
          serial_shops, shop, nicolae_for_you_no_charge
Temple:   kilobyte_greek_temple_18
Lair:1:   basic_altar, portal_ice_cave_entry_pillars_01, lemuel_fruit_fields,
          uniq_nergalle

Action                   |  1- 3 |  4- 6 |  7- 9 | 10-12 || total
-------------------------+-------+-------+-------+-------++-------
Melee: Quarterstaff      |   108 |   112 |   274 |   583 ||  1077
Throw: Throwing net      |     3 |       |     5 |     2 ||    10
Invok: Heroism           |       |       |       |     2 ||     2
Evoke: Wand              |       |       |     1 |       ||     1
  Use: Scroll            |       |       |     1 |       ||     1
 Stab: Held in net/web   |     2 |       |       |     1 ||     3
       Sleeping          |     1 |       |     1 |       ||     2
       Paralysed         |       |     3 |     1 |     2 ||     6
       Confused          |       |       |       |     7 ||     7
       Petrifying        |       |       |       |     2 ||     2
  Eat: Chunk             |     2 |     3 |    10 |    10 ||    25
